Map: [ESL] Alcyone

Players

Spirit (souL)

  • Race: Terran Terran
  • League: Master
  • Spawn Location: 7:00

BabyMarine - Winner!

  • Race: Terran Terran
  • Spawn Location: 1:00

Event: HomeStory Cup XXIV

VOD

Have the link to the VOD?

Description

Time

  • Played on: Dec. 2, 2023, 9:12 a.m.
  • Length: 9:46

All games in this series

Show
View Real Time Build Order
Export as new Build Order

Spirit Terran 

Build Orders: Cyclone Opening 

Get SALT Encoding   

  12  0:00  SCV  
  13  0:12  SCV  
  14  0:17  Supply Depot  
  14  0:24  SCV  
  15  0:38  SCV  
  15  0:40  Barracks  
  16  0:45  Refinery  
  16  0:51  SCV  
  16  0:52  Refinery  
  17  1:03  SCV  
  18  1:15  SCV  
  19  1:27  Orbital Command, Reaper  
  20  1:33  Supply Depot  
  20  1:44  Factory  
  20  1:53  SCV  
  21  1:59  Reaper  
  22  2:05  SCV  
  23  2:17  SCV  
  23  2:22  Command Center  
  24  2:29  Hellion, SCV  
  27  2:33  Reaper  
  28  2:41  SCV  
  29  2:46  Supply Depot  
  29  2:50  Cyclone  
  31  2:55  Starport  
  31  3:05  Barracks Reactor  
  31  3:07  SCV  
  32  3:19  SCV  
  33  3:22  Cyclone  
  35  3:29  Refinery  
  35  3:32  Starport Tech Lab, SCV  
  36  3:34  Orbital Command  
  36  3:41  Marine x2  
  36  3:44  SCV  
  36  3:46  Supply Depot  
  39  3:51  Raven  
  39  3:55  Factory Tech Lab  
  41  3:56  SCV  
  41  3:57  Interference Matrix  
  41  3:59  SCV  
  41  4:00  Marine  
  41  4:02  Marine  
  45  4:08  SCV  
  46  4:12  SCV  
  46  4:15  Siege Tank  
  50  4:18  Supply Depot  
  50  4:20  SCV  
  50  4:21  Marine  
  50  4:22  Marine  
  50  4:24  SCV  
  54  4:32  Raven, SCV  
  54  4:36  SCV  
  58  4:39  Marine  
  58  4:40  Supply Depot  
  58  4:44  SCV  
  60  4:48  SCV  
  60  4:51  Siege Tank  
  64  4:56  SCV  
  64  4:59  Command Center  
  65  5:03  SCV  
  65  5:04  Refinery  
  66  5:08  SCV  
  66  5:09  Raven  
  69  5:14  Supply Depot  
  69  5:15  SCV  
  69  5:20  SCV  
  71  5:23  Marine x2  
  71  5:27  Siege Tank, SCV  
  77  5:33  SCV  
  78  5:37  Supply Depot  
  78  5:39  SCV  
  79  5:43  Barracks  
  79  5:45  Barracks, SCV  
  80  5:51  SCV  
  80  5:56  Viking  
  83  5:58  Viking  
  83  5:59  Siege Tank, Supply Depot  
  83  6:00  SCV  
  89  6:06  SCV  
  90  6:14  Orbital Command  
  90  6:17  Engineering Bay  
  90  6:18  SCV, Marine  
  91  6:20  Engineering Bay  
  92  6:29  Supply Depot  
  92  6:31  Viking, Siege Tank  
  97  6:34  SCV  
  97  6:35  Viking  
  97  6:37  Barracks Reactor  
  97  6:39  SCV  
  101  6:41  SCV  
  101  6:44  Marine  
  101  6:46  Orbital Command  
  103  6:49  Marauder  
  103  6:51  Marine  
  89  6:59  SCV  
  68  7:02  Marine  
  59  7:10  Marine  
  52  7:20  Marine  
  50  7:27  Marine  
  50  7:28  Marine  
  25  7:37  Marine  
  23  7:45  Marine  
  23  7:56  Orbital Command  
  23  8:01  Marine  
  16  8:33  SCV  
  9  8:43  SCV  
  10  8:49  SCV  
  11  9:00  SCV  
  12  9:04  SCV  
  13  9:12  SCV  
  13  9:16  SCV  
  15  9:24  SCV  
  15  9:28  SCV  
Show
View Real Time Build Order
Export as new Build Order

BabyMarine Terran - Winner!

Build Orders: 1/1/1, Cyclone Opening 

Get SALT Encoding   

  12  0:00  SCV  
  13  0:12  SCV  
  14  0:16  Supply Depot  
  14  0:24  SCV  
  15  0:38  SCV  
  15  0:39  Barracks  
  16  0:43  Refinery  
  16  0:50  SCV  
  17  0:57  Refinery  
  17  1:02  SCV  
  18  1:15  SCV  
  19  1:26  Reaper  
  19  1:27  Orbital Command  
  19  1:28  Supply Depot  
  20  1:42  Factory  
  20  1:53  SCV  
  21  1:58  Reaper  
  22  2:05  SCV  
  23  2:17  Command Center  
  23  2:20  SCV  
  24  2:28  Starport  
  24  2:34  Hellion  
  24  2:35  SCV  
  27  2:42  Barracks Reactor  
  27  2:47  SCV  
  27  2:48  Supply Depot  
  28  2:55  Cyclone  
  30  3:03  SCV  
  31  3:13  Medivac  
  31  3:15  SCV  
  34  3:20  Marine x2  
  36  3:27  Cyclone  
  36  3:29  Orbital Command  
  36  3:32  SCV, Refinery  
  39  3:38  Marine x2  
  41  3:44  SCV  
  41  3:45  Starport Tech Lab  
  42  3:55  SCV  
  42  3:56  SCV  
  44  4:03  Raven, Interference Matrix  
  44  4:07  Barracks Tech Lab, Supply Depot  
  44  4:08  SCV  
  47  4:13  Cyclone  
  47  4:16  Cyclone, SCV  
  52  4:20  SCV  
  53  4:29  SCV  
  54  4:35  SCV  
  53  4:39  Raven  
  53  4:40  Command Center  
  53  4:42  SCV  
  56  4:47  SCV  
  56  4:49  Stimpack  
  57  4:56  Barracks  
  57  4:57  SCV  
  57  4:59  Barracks  
  58  5:02  Supply Depot  
  58  5:05  Cyclone  
  60  5:09  Cyclone  
  62  5:18  Supply Depot  
  62  5:23  Raven, SCV x2  
  62  5:24  Supply Depot  
  66  5:29  Marine  
  67  5:35  SCV x2  
  67  5:37  Engineering Bay  
  67  5:40  Engineering Bay  
  69  5:48  SCV x2  
  71  5:55  Barracks  
  71  5:57  Barracks, Marine  
  71  5:58  Marine x2  
  71  6:00  SCV  
  71  6:01  Orbital Command  
  71  6:02  Barracks Reactor  
  76  6:04  SCV  
  76  6:09  Starport Reactor  
  76  6:10  Terran Infantry Armor Level 1  
  76  6:15  Siege Tank, Marine  
  76  6:17  SCV x2  
  82  6:23  Orbital Command, Supply Depot, Marine  
  82  6:24  Marine  
  82  6:25  Refinery  
  84  6:29  SCV  
  84  6:32  Combat Shield  
  85  6:33  Marine  
  85  6:35  SCV  
  86  6:40  Marine x2  
  86  6:41  Marine  
  86  6:42  SCV, Marine  
  86  6:45  Marine x2  
  93  6:51  Marine  
  87  7:20  SCV  
  68  7:27  Marine  
  38  7:32  SCV  
  23  7:43  Marine x2  
  23  7:44  Marine  
  23  7:47  Viking x2  
  23  7:51  Marine x2  
  24  8:01  Marine  
  24  8:02  Marine  
  22  8:13  Marine  
  22  8:14  Marine  
  17  8:37  Marine  
  18  8:43  Marine  
  18  8:48  SCV x2  
  21  8:56  Marine  
  21  9:00  SCV, Marine  
  21  9:02  Marine  
  25  9:06  SCV  
  24  9:12  SCV  
  24  9:16  Marine x2  
  27  9:19  Marine  
  27  9:21  SCV  
  27  9:24  Marine  
  29  9:30  SCV  
  31  9:33  SCV  
Tags
 
Add a new tag
Caveats
  • Supply blocks, unpowered buildings, or Contaminate may cause inaccurate times.
  • Supply counts are checked every 10 seconds.